 Dungeon Crawl Stone Soup version 0.19.5 (webtiles) character file.

8234 Gargoyl the Cleaver (level 11, -6/97 HPs)
             Began as a Ghoul Abyssal Knight on Apr 11, 2017.
             Was a High Priest of Lugonu.
             Killed from afar by Erolcha (30 damage)
             ... with a bolt of lightning
             ... on level 10 of the Dungeon.
             The game lasted 00:22:00 (8756 turns).

Gargoyl the Cleaver (Ghoul Abyssal Knight)          Turns: 8756, Time: 00:22:00

Health: -6/97      AC: 24    Str: 17    XL:     11   Next: 27%
Magic:  11/11      EV:  3    Int: 13    God:    Lugonu [*****.]
Gold:   513        SH:  0    Dex: 17    Spells: 0 memorised, 10 levels left

rFire  + . .     SeeInvis .     o - +2 war axe (flame)
rCold  + + .     Gourm    .     I - +0 gold dragon scales
rNeg   + + +     Faith    .     (no shield)
rPois  ∞         Spirit   .     h - +0 helmet
rElec  .         Reflect  .     (no cloak)
rCorr  .         Harm     .     j - +2 pair of gloves
MR     .....                    g - +2 pair of boots
Stlth  ..........               (no amulet)
                                M - +6 ring of intelligence
                                u - +6 ring of dexterity

@: rotting
A: rotting body, claws 1, carnivore 3, cold resistance 1, negative energy
resistance 3, slow regeneration 1, torment resistance, unbreathing
a: Depart the Abyss, Bend Space, Banish, Corrupt, Enter the Abyss, Renounce
Religion


You were on level 10 of the Dungeon.
You worshipped Lugonu.
Lugonu was extremely pleased with you.
You were not hungry.

You visited 1 branch of the dungeon, and saw 10 of its levels.
You visited the Abyss 1 time.

You collected 513 gold pieces.

Inventory:

Hand Weapons
 a - a +1 hand axe
 o - a +2 war axe of flaming (weapon)
 K - a +2 war axe
Armour
 g - a +2 pair of boots (worn)
 h - a +0 helmet (worn)
 j - a +2 pair of gloves (worn)
 I - +0 gold dragon scales (worn)
Jewellery
 e - an uncursed ring of ice
 u - a +6 ring of dexterity (left hand)
 M - a +6 ring of intelligence (right hand)
Wands
 b - a wand of paralysis (12/24)
 f - a wand of paralysis (16/24)
 m - a wand of polymorph (8/24)
 q - a wand of iceblast (13/15)
 t - a wand of hasting (1/9)
 y - a wand of iceblast (8/15)
 B - a wand of lightning (4/15)
 C - a wand of iceblast (5/15)
 H - a wand of polymorph (13/24)
 N - a wand of flame (20/48)
Scrolls
 i - a scroll of identify
 l - 3 scrolls of amnesia
 p - 5 scrolls of teleportation
 r - a scroll of blinking
 s - a scroll of remove curse
 v - a scroll of magic mapping
 w - 3 scrolls of recharging
 F - a scroll of fear
 O - a scroll of enchant weapon {unknown}
Potions
 n - 5 potions of flight
 D - a potion of brilliance {unknown}
 G - a potion of resistance {unknown}
 J - a potion of berserk rage {unknown}
 L - a potion of curing
Books
 k - a book of Necromancy

   Spells                             Type                      Level
   a - Pain                           Necromancy                   1
   b - Animate Skeleton               Necromancy                   1
   c - Vampiric Draining              Necromancy                   3
   d - Regeneration                   Charms/Necromancy            3
   e - Animate Dead                   Necromancy                   4
   f - Control Undead                 Necromancy                   4
 x - a book of Debilitation

   Spells                             Type                      Level
   a - Corona                         Hexes                        1
   b - Slow                           Hexes                        2
   c - Gell's Gravitas                Hexes/Translocation          3
   d - Inner Flame                    Hexes/Fire                   3
   e - Cause Fear                     Hexes                        4
   f - Leda's Liquefaction            Hexes/Earth                  4
 A - a book of Changes

   Spells                             Type                      Level
   a - Beastly Appendage              Transmutation                1
   b - Sticks to Snakes               Transmutation                2
   c - Spider Form                    Transmutation/Poison         3
   d - Ice Form                       Ice/Transmutation            4
   e - Blade Hands                    Transmutation                5
Comestibles
 c - 7 meat rations
 d - 3 beef jerkies
 z - a royal jelly
 E - a slice of pizza
 P - 4 chunks of flesh


   Skills:
 + Level 9.1 Fighting
 + Level 9.6(10.3) Axes
   Level 6.0(8.7) Maces & Flails
 + Level 7.6 Armour
 + Level 3.7 Dodging
 + Level 0.8 Stealth
 + Level 2.5 Invocations


You had 10 spell levels left.
You didn't know any spells.

Dungeon Overview and Level Annotations

Branches:
Dungeon (10/15)            Temple (0/1) D:5             Orc (0/2) D:9
   Lair: D:8-11

Altars:
Cheibriados
Fedhas
Nemelex Xobeh
Vehumet
Zin
The Shining One

Shops:
D:6 }

Annotations:
D:10 Erolcha


Innate Abilities, Weirdness & Mutations

Your body is rotting away.
You thrive on raw meat.
You are immune to poison.
You have sharp fingernails.
You are carnivorous and can eat meat at any time.
Your flesh is cold resistant. (rC+)
You are immune to negative energy. (rN+++)
You regenerate slowly when monsters are visible.
You are immune to unholy pain and torment.
You can survive without breathing.


Message History

Unknown command.
You slash something! You burn something. You hit the iguana but do no damage.
Something hits you! The iguana bites you.
You hit something but do no damage. You slash the iguana! You burn the iguana.
You kill the iguana!
Lugonu accepts your kill. Something hits you but does no damage.
You hit something. You burn something.
Unknown command.
Eat one of 5 chunks of flesh? (ye/n/q)
You start eating one of the 5 chunks of flesh.
Something hits you!!
* * * LOW HITPOINT WARNING * * *
This raw flesh tastes great!
Eat one of 4 chunks of flesh? (ye/n/q)
You start eating one of the 4 chunks of flesh.
You hear some strange, mumbled words.
A bolt of lightning appears from out of thin air!
The bolt of lightning hits you!
You die...

.. #.#.#
..........##.###...#
#.........##......#.
###...[............>..
............#####..##
#.........# ##..##
#.###.........# ##.....
..............# #...###
......{@......####...# #
.####..).............# #
..)...........>........
...####......#.......###
.. #####..........# .
#.####...### #.# ##....
.[# ##.... #### ####


There were no monsters in sight!

Vanquished Creatures
  3 centaur zombies (D:8)
  The ghost of XMarksTheSpot the Spear-Bearer, a novice MfGl of the Shining One (D:6)
  A hellwing (D:8)
  Prince Ribbit (D:5)
  A spriggan (D:7)
  A shadow (D:9)
  Eustachio (D:4)
  A wyvern (D:8)
  A hungry ghost (D:9)
  Grum (D:9)
  Edmund (D:6)
  3 ice beasts
  An orc warrior (D:6)
  2 sky beasts
  2 phantoms
  4 wolves (D:9)
  5 centaurs
  An ogre (D:8)
  Blork the orc (D:6)
  6 bullfrogs
  6 scorpions
  10 killer bees
  3 wights (D:9)
  3 howler monkeys (D:8)
  3 crimson imps
  A quasit (D:9)
  6 hounds
  A jelly (D:6)
  4 orc priests
  7 orc wizards
  5 centaur skeletons
  Natasha (thrice) (D:2)
  6 iguanas
  7 worker ants
  A hound zombie (D:5)
  2 hound skeletons
  Robin (D:2)
  A worker ant zombie (D:10)
  5 gnolls (D:6)
  16 adders
  4 shadow imps (D:8)
  An adder zombie (D:9)
  3 adder skeletons
  3 worms
  2 dart slugs
  4 leopard geckos
  27 orcs
  5 giant cockroaches
  16 goblins
  9 hobgoblins
  8 jackals
  6 quokkas
  3 ball pythons
  6 bats
  8 frilled lizards
  A jackal skeleton (D:7)
  A jackal zombie (D:8)
  9 kobolds
  2 leopard gecko skeletons
  5 rats
  2 plants (D:1)
254 creatures vanquished.

Vanquished Creatures (others)
  A hellwing (D:8)
  A lurking horror (Abyss:2)
2 creatures vanquished.

Grand Total: 256 creatures vanquished

Notes
Turn   | Place    | Note
-------+----------+-------------------------------------------
     0 | Abyss:1  | Gargoyl the Ghoul Abyssal Knight began the quest for the Orb.
     0 | Abyss:1  | Reached XP level 1. HP: 19/19 MP: 1/1
    24 | Abyss:2  | Got a pitted flail
    31 | Abyss:2  | Identified the +3 flail of the Big Bang {speed, *Contam rN+ MR+ Int+4} (You found it on level 2 of the Abyss)
    37 | Abyss:2  | Found a bloodstained altar of Trog.
    54 | D:1      | Escaped the Abyss
   174 | D:1      | Reached XP level 2. HP: 21/26 MP: 2/2
   249 | D:1      | Reached * piety under Lugonu
   720 | D:2      | Noticed Robin
   748 | D:2      | Reached skill level 1 in Maces & Flails
   759 | D:2      | Reached XP level 3. HP: 27/33 MP: 3/3
   777 | D:2      | Killed Robin
   777 | D:2      | Reached skill level 1 in Dodging
   923 | D:2      | Reached XP level 4. HP: 40/40 MP: 4/4
  1172 | D:2      | Noticed Natasha
  1189 | D:2      | Killed Natasha
  1244 | D:2      | Noticed Natasha
  1250 | D:2      | Killed Natasha
  1250 | D:2      | Reached XP level 5. HP: 46/46 MP: 5/5
  1567 | D:2      | Found a sparkling altar of Nemelex Xobeh.
  1622 | D:2      | Noticed Natasha
  1630 | D:2      | Killed Natasha
  1834 | D:3      | Reached ** piety under Lugonu
  2080 | D:3      | Noticed a centaur
  2092 | D:3      | Killed a centaur
  2092 | D:3      | Reached XP level 6. HP: 23/53 MP: 6/6
  2923 | D:4      | Noticed Eustachio
  2997 | D:4      | Killed Eustachio
  2997 | D:4      | Reached XP level 7. HP: 51/60 MP: 7/7
  3103 | D:4      | Reached *** piety under Lugonu
  3103 | D:4      | Reached skill level 5 in Maces & Flails
  3109 | D:4      | Reached skill level 5 in Fighting
  3600 | D:5      | Entered Level 5 of the Dungeon
  3718 | D:5      | Found a glowing golden altar of the Shining One.
  3759 | D:5      | Found a glowing silver altar of Zin.
  3798 | D:5      | Reached XP level 8. HP: 68/68 MP: 8/8
  3866 | D:5      | Noticed Prince Ribbit
  3886 | D:5      | Killed Prince Ribbit
  4423 | D:5      | Found a staircase to the Ecumenical Temple.
  4492 | D:6      | Noticed Edmund
  4506 | D:6      | Killed Edmund
  4763 | D:6      | Found Zym Qatofocs's Gadget Shoppe.
  4795 | D:6      | Reached skill level 5 in Armour
  5066 | D:6      | Noticed XMarksTheSpot's ghost (novice MfGl)
  5110 | D:7      | Reached XP level 9. HP: 39/75 MP: 9/9
  5476 | D:6      | Killed XMarksTheSpot's ghost
  5611 | D:6      | Reached **** piety under Lugonu
  5631 | D:6      | Noticed Blork the orc
  5638 | D:6      | Killed Blork the orc
  5841 | D:6      | Found a radiant altar of Vehumet.
  5842 | D:6      | Found a snail-covered altar of Cheibriados.
  6108 | D:7      | Reached skill level 5 in Axes
  6711 | D:7      | Reached XP level 10. HP: 63/86 MP: 10/10
  7818 | D:9      | Reached XP level 11. HP: 89/95 MP: 11/11
  7859 | D:9      | Found a staircase to the Orcish Mines.
  8162 | D:9      | Reached ***** piety under Lugonu
  8225 | D:9      | Found a blossoming altar of Fedhas.
  8559 | D:10     | Entered Level 10 of the Dungeon
  8588 | D:10     | Noticed Grum
  8659 | D:9      | Killed Grum
  8742 | D:10     | Noticed Erolcha
  8756 | D:10     | Killed from afar by Erolcha

Skill      XL: |  1  2  3  4  5  6  7  8  9 10 11 |
---------------+----------------------------------+-----
Maces & Flails | 1 2 3 4 5 6 |  6.0
Armour         | 2 3 5 6 7 |  7.6
Dodging        | 1 2 3 |  3.7
Fighting       | 4 5 6 7 8 9 |  9.1
Axes           | 3 6 8 9 |  9.6
Stealth        | |  0.8
Invocations    | |  2.5

Action                   |  1- 3 |  4- 6 |  7- 9 | 10-12 || total
-------------------------+-------+-------+-------+-------++-------
Melee: Flail             |   108 |   231 |   112 |       ||   451
       War axe           |       |       |   361 |   356 ||   717
Invok: Depart the Abyss  |     1 |       |       |       ||     1
       Banish            |       |       |       |     1 ||     1
  Use: Scroll            |     6 |     8 |     5 |     2 ||    21
       Potion            |     2 |       |     5 |     2 ||     9
  Eat: Chunk             |    13 |    22 |    41 |    39 ||   115
Armor: Leather armour    |    31 |       |       |       ||    31
       Scale mail        |     6 |   172 |    96 |       ||   274
       Plate armour      |       |       |   324 |   192 ||   516
       Gold dragon scale |       |       |       |   248 ||   248
Dodge: Dodged            |    50 |   137 |   218 |   122 ||   527
